[Event "*** SCC Grand Prix: Titled Tuesday Blitz"]
[Site "Chess.com"]
[Date "2020.08.11"]
[Round "5"]
[White "tlomigtlis"]
[Black "Matveev_Vladimir"]
[Result "0-1"]
[WhiteElo "2431"]
[BlackElo "2648"]
[TimeControl "180+1"]
[EndTime "10:55:07 PDT"]
[Termination "Matveev_Vladimir won by checkmate"]

1. d4 Nf6 2. c4 g6 3. Nc3 Bg7 4. g3 O-O 5. Bg2 d6 6. Nf3 Nc6 7. O-O Bf5 8. d5 Na5 9. Nd2 c5 10. e4 Bd7 11. Qc2 a6 12. b3 b5 13. Bb2 Rb8 14. Rab1 Qc7 15. h3 Rb6 16. Nd1 Rfb8 17.
Ne3 bxc4 18. Ndxc4 Nxc4 19. Nxc4 R6b7 20. e5 Ne8 21. e6 fxe6 22. Bd4 cxd4 23. dxe6 Bxe6 24. Bxb7 Rxb7 25. Qe4 Bxh3 26. Rfc1 Bf5 27. Qd5+ e6 28.
Qf3 Bxb1 29. Rxb1 d5 30. Nb2 Nd6 31. Nd3 Ne4 32. Re1 Qf7 33. Qe2 Rc7 34. Nb4 a5 35. Nd3 h5 36. Nf4 e5 37. Nd3 Qf5 38. Kg2 Rc3 39. f3 Nxg3 40. Kxg3 Rxd3 41. Rc1 Qf4+ 42.
Kg2 Rd2 43. Re1 d3 44. Qf2 Rxf2+ 45. Kxf2 Qd2+ 46. Kf1 Qh2 47. Rd1 Qe2+ 48. Kg1 Qxd1+ 49. Kg2 Qe2+ 50. Kg3 d2 51. b4 d1=Q 52. bxa5 Qxf3+ 53.
Kh2 Qg4 54. a6 Qdg1# 0-1

[Event "*** SCC Grand Prix: Titled Tuesday Blitz"]
[Site "Chess.com"]
[Date "2020.08.11"]
[Round "5"]
[White "Fins0905"]
[Black "Srisshhhtea"]
[Result "1-0"]
[WhiteElo "2637"]
[BlackElo "2343"]
[TimeControl "180+1"]
[EndTime "10:55:08 PDT"]
[Termination "Fins0905 won on time"]

1. e4 e6 2. d3 d5 3. Nd2 Nf6 4. Ngf3 Nc6 5. c3 e5 6. Be2 a5 7. O-O Be7 8. exd5 Nxd5 9. Nc4 f6 10. d4 e4 11. Nfd2 f5 12. Ne3 Be6 13. c4 Nxe3 14.
fxe3 Bd7 15. c5 Be6 16. g4 O-O 17. gxf5 Bxf5 18. Bg4 g6 19. Bxf5 gxf5 20. Qh5 Qd5 21. Kh1 Nxd4 22. exd4 e3+ 23. Qf3 Qxd4 24. Nb3 Qc4 25.
Bxe3 a4 26. Rg1+ Kh8 27. Nd4 f4 28. Bf2 1-0

[Event "*** SCC Grand Prix: Titled Tuesday Blitz"]
[Site "Chess.com"]
[Date "2020.08.11"]
[Round "5"]
[White "FedaMaster"]
[Black "bratkoo"]
[Result "0-1"]
[WhiteElo "2392"]
[BlackElo "2558"]
[TimeControl "180+1"]
[EndTime "10:55:08 PDT"]
[Termination "bratkoo won by checkmate"]

1. e4 e6 2. d4 d5 3. exd5 exd5 4. Nf3 Nc6 5. c3 Bd6 6. Bd3 Nge7 7. Be3 Bg4 8. Nbd2 Qd7 9. Qc2 a6 10. h3 Bf5 11.
O-O-O b5 12. g4 Bg6 13. Rhe1 b4 14. c4 dxc4 15. Nxc4 O-O 16. d5 Nxd5 17. Bxg6 fxg6 18. Rxd5 Rxf3 19. Red1 Ne7 20. Ne5 Qe6 21. Nxf3 Nxd5 22. Qc6 Nb6 23. Rxd6 cxd6 24. Qxb6 Rc8+ 25. Kd2 Qxa2 26.
Qxb4 Qd5+ 27. Nd4 h5 28. Qb3 Rc4 29. Qd3 Rb4 30. b3 a5 31. Ke2 hxg4 32. hxg4 Kh7 33. g5 a4 34. bxa4 Rxa4 35. Qd2 Ra2 36. Nc2 Qc4+ 37. Kd1 Qf1+ 38. Ne1 Ra1+ 39. Kc2 Rxe1 40. Qxd6 Qc4+ 41. Kd2 Re2+ 42. Kd1 Qc2# 0-1

[Event "*** SCC Grand Prix: Titled Tuesday Blitz"]
[Site "Chess.com"]
[Date "2020.08.11"]
[Round "5"]
[White "manuellarrea"]
[Black "Artem_Sadovsky"]
[Result "0-1"]
[WhiteElo "2228"]
[BlackElo "2422"]
[TimeControl "180+1"]
[EndTime "10:55:08 PDT"]
[Termination "Artem_Sadovsky won by resignation"]

1. e4 c6 2. d4 d5 3. exd5 cxd5 4.
c4 Nf6 5. Nc3 e6 6. Nf3 Nc6 7.
c5 Be7 8. a3 O-O 9. Bd3 Nxd4 10. Nxd4 Bxc5 11. Nb3 Bxf2+ 12. Kxf2 e5 13. Be2 Qb6+ 14.
Ke1 d4 15. Na4 Qc6 16. Nac5 Qxg2 17. Bf3 Qh3 18. Bg5 Bg4 19. Rf1 e4 20. Bxf6 exf3 21. Qxd4 Rfe8+ 22. Kd2 gxf6 23. Qxf6 Re2+ 24. Kc3 f2+ 25.
Kb4 a5+ 26. Nxa5 Qe3 27. Nab3 b6 28. Qxb6 Rxb2 29. Rac1 Rxb3+ 0-1

[Event "*** SCC Grand Prix: Titled Tuesday Blitz"]
[Site "Chess.com"]
[Date "2020.08.11"]
[Round "5"]
[White "VladimirBugayev"]
[Black "kngopal"]
[Result "1-0"]
[WhiteElo "2343"]
[BlackElo "2180"]
[TimeControl "180+1"]
[EndTime "10:55:08 PDT"]
[Termination "VladimirBugayev won by resignation"]

1. e4 d6 2. d4 g6 3. Nc3 Bg7 4.
Be3 Nd7 5. f4 e6 6. Nf3 Ne7 7.
h4 h5 8. Qd2 d5 9. O-O-O c6 10.
Ne5 Nxe5 11. fxe5 b5 12. Bd3 b4 13. Na4 dxe4 14. Bxe4 Nd5 15. Bxd5 Qxd5 16. Qxb4 Qxa2 17.
Nc3 Qa1+ 18. Kd2 Qa6 19. Bg5 Bf8 20. Qa4 Qb6 21. Bf6 Rg8 22. Qa2 Qxd4+ 23. Kc1 Qe3+ 24. Kb1 Be7 25. Bxe7 Kxe7 26. Qa3+ Ke8 27. Qd6 Bb7 28. Qd7+ Kf8 29. Qxb7 Re8 30. Rhf1 Re7 31. Rd8+ Kg7 32.
Rxg8+ 1-0

[Event "*** SCC Grand Prix: Titled Tuesday Blitz"]
[Site "Chess.com"]
[Date "2020.08.11"]
[Round "5"]
[White "Iball95"]
[Black "ShahMatKanal"]
[Result "0-1"]
[WhiteElo "2693"]
[BlackElo "2463"]
[TimeControl "180+1"]
[EndTime "10:55:09 PDT"]
[Termination "ShahMatKanal won on time"]

1. e4 c6 2. Nc3 d5 3. Nf3 Bg4 4. h3 Bxf3 5. Qxf3 e6 6. d4 Nf6 7. Bd3 Bb4 8. e5 Nfd7 9. O-O O-O 10. Ne2 Be7 11. Qg3 Kh8 12. c3 c5 13. Kh1 Nc6 14. Be3 cxd4 15. cxd4 Nb4 16. Bb1 Rc8 17. Nc3 Nb6 18. a3 Nc6 19. f4 g6 20. Qf2 Nc4 21.
Bc1 N6a5 22. Ba2 Qb6 23. b4 Nc6 24. Ne2 a5 25. bxa5 N6xa5 26. Rb1 Qa6 27. Qf3 Nc6 28.
Rb3 b5 29. g4 b4 30. f5 Rg8 31.
f6 Bf8 32. g5 Nxa3 33. Qg4 Nc2 34. Bb1 N6xd4 35. Bxc2 Rxc2 36. Rb2 Qxe2 37. Rxc2 Qxf1+ 38. Kh2 Nxc2 39. Qh4 Qxc1 40. Qh6 Qf4+ 41. Kg2 Ne3+ 0-1

[Event "*** SCC Grand Prix: Titled Tuesday Blitz"]
[Site "Chess.com"]
[Date "2020.08.11"]
[Round "5"]
[White "floplover"]
[Black "Zq1"]
[Result "0-1"]
[WhiteElo "2302"]
[BlackElo "2501"]
[TimeControl "180+1"]
[EndTime "10:55:09 PDT"]
[Termination "Zq1 won on time"]

1. d4 Nf6 2. c4 a6 3. Nc3 c5 4. d5 b5 5. cxb5 axb5 6. e3 b4 7. Nb1 Bb7 8. Bc4 e6 9. dxe6 Bxg2 10. exf7+ Ke7 11. Ne2 Bxh1 12. Ng3 d5 13. Bb3 c4 14. Bxc4 Be4 15. Bb3 Nc6 16. Nd2 Bg6 17. Nf3 Kxf7 18.
Ng5+ Kg8 19. e4 h6 20. exd5 hxg5 21. dxc6+ Bf7 22. Bxg5 Qe7+ 23. Kf1 Rxh2 24. Rc1 Bxb3 25. Qxb3+ Qf7 26. Qf3 Ng4 27. Qxf7+ Kxf7 28. c7 Rc8 29. Kg1 Rxf2 30. Rc4 Ne5 31. Re4 Bc5 32. Rxe5 Rf5+ 33. Kg2 Rxe5 0-1

[Event "*** SCC Grand Prix: Titled Tuesday Blitz"]
[Site "Chess.com"]
[Date "2020.08.11"]
[Round "5"]
[White "SergeyKarjakin"]
[Black "ftorodent"]
[Result "1-0"]
[WhiteElo "2977"]
[BlackElo "2652"]
[TimeControl "180+1"]
[EndTime "10:55:10 PDT"]
[Termination "SergeyKarjakin won on time"]

1. e4 e6 2. d4 d5 3. Nc3 Nf6 4. e5 Nfd7 5. f4 c5 6. Nf3 Nc6 7. Be3 cxd4 8. Nxd4 Bc5 9. Qd2 a6 10. O-O-O O-O 11. Qf2 Bxd4 12. Bxd4 b5 13. Kb1 Qc7 14.
Bd3 b4 15. Na4 a5 16. Rhe1 Nxd4 17. Qxd4 Qa7 18. Bb5 Qxd4 19. Rxd4 Rb8 20. Be2 Bb7 21. b3 Bc6 22. Nb2 Bb5 23. Bf3 Rfc8 24. Nd1 Rc7 25.
Ne3 Rbc8 26. Kb2 Rc3 27. Rd2 Nb8 28. a3 bxa3+ 29. Kxa3 a4 30. Kb2 axb3 31. cxb3 Na6 32. Bxd5 Nb4 33. Bc4 Bxc4 34. Kxc3 Nd5+ 35. Kb2 1-0

[Event "*** SCC Grand Prix: Titled Tuesday Blitz"]
[Site "Chess.com"]
[Date "2020.08.11"]
[Round "5"]
[White "memer5334"]
[Black "JRenatoMaranhao"]
[Result "0-1"]
[WhiteElo "2216"]
[BlackElo "2053"]
[TimeControl "180+1"]
[EndTime "10:55:10 PDT"]
[Termination "JRenatoMaranhao won by checkmate"]

1. d4 Nf6 2. c4 g6 3. Nc3 Bg7 4.
Nf3 d5 5. cxd5 Nxd5 6. e3 O-O 7. Bd3 c5 8. O-O Nc6 9. Nxd5 Qxd5 10. e4 Qh5 11. d5 Nd4 12. Nxd4 Qxd1 13. Rxd1 Bxd4 14.
Bh6 Bxb2 15. Bxf8 Kxf8 16. Rab1 Bd4 17. Kf1 a6 18. a4 e5 19. Bc4 Ke7 20. Rb6 f5 21. f3 f4 22. d6+ Kd7 23. Bd5 Ra7 24.
Bc4 Kd8 25. Rdb1 Bd7 26. Rxb7 Rxb7 27. Rxb7 Bxa4 28. Bxa6 h5 29. Rg7 Bb3 30. Bb5 c4 31. Rd7+ Kc8 32. Bxc4 Bxc4+ 33. Ke1 Kxd7 34. h3 Kxd6 35.
Kd2 Kc5 36. h4 Kb4 37. Kc2 Bf1 38. Kd2 Bxg2 39. Ke2 Kc3 40. Ke1 Bxf3 41. Kf1 Bxe4 42. Ke2 Bf5 43. Kf3 e4+ 44. Kxf4 e3 45. Kf3 Kd2 46.
Kg2 e2 47. Kf3 Ba1 48. Kf4 Bb1 49. Kf3 Bb2 50. Kf4 Ba2 51. Kg5 e1=Q 52. Kh6 Ke3 53. Kg5 Bc1 54. Kh6 Qf2 55. Kh7 Qf7+ 56. Kh6 Ke4# 0-1

[Event "*** SCC Grand Prix: Titled Tuesday Blitz"]
[Site "Chess.com"]
[Date "2020.08.11"]
[Round "5"]
[White "alfiefischer77"]
[Black "GustavoJuarezF"]
[Result "1-0"]
[WhiteElo "2288"]
[BlackElo "2024"]
[TimeControl "180+1"]
[EndTime "10:55:11 PDT"]
[Termination "alfiefischer77 won on time"]

1. e4 c5 2. Nf3 Nc6 3. d4 cxd4 4. Nxd4 Nf6 5. Nc3 e5 6. Ndb5 d6 7. Bg5 a6 8. Bxf6 gxf6 9. Na3 b5 10. Nd5 Bg7 11. Be2 f5 12. exf5 Bxf5 13. c3 Rc8 14. O-O Be6 15. Nc2 O-O 16. a4 bxa4 17. Bxa6 Rb8 18. Ncb4 Nxb4 19. Nxb4 Bb3 20. Qf3 Qb6 21. Bd3 Qc5 22. Qf5 f6 23. Qxh7+ Kf7 24. Na6 Rh8 25.
Qg6+ Kf8 26. Nxc5 dxc5 27. Bc2 Rh6 28. Qe4 Be6 29. Rxa4 f5 30. Qc6 Bb3 31. Qxc5+ 1-0

[Event "*** SCC Grand Prix: Titled Tuesday Blitz"]
[Site "Chess.com"]
[Date "2020.08.11"]
[Round "5"]
[White "dpopadic"]
[Black "wild_cat99"]
[Result "0-1"]
[WhiteElo "2423"]
[BlackElo "2629"]
[TimeControl "180+1"]
[EndTime "10:55:12 PDT"]
[Termination "wild_cat99 won on time"]

1. e4 c5 2. Nc3 e6 3. d3 a6 4. g4 b5 5. Bg2 Bb7 6. Nh3 Ne7 7.
O-O g6 8. Be3 d6 9. f4 d5 10.
Bxc5 Nd7 11. Bxe7 Bxe7 12. exd5 Qb6+ 13. Kh1 h5 14. g5 b4 15. dxe6 Bxg2+ 16. Kxg2 Qxe6 17.
Ne4 a5 18. Re1 Qc6 19. Qf3 Rc8 20. Re2 a4 21. Rae1 O-O 22. Nhf2 f6 23. Nxf6+ Nxf6 24. Qxc6 Rxc6 25. gxf6 Bxf6 26. b3 axb3 27. cxb3 Bc3 28. Re6 Rxf4 29. Rxc6 Bxe1 30. Ne4 Kg7 31. Rc7+ Kh6 32. Rc4 h4 33. Nc5 Rf2+ 34. Kh3 g5 35. Ne4 Rxa2 36. Nf6 Rd2 0-1

[Event "*** SCC Grand Prix: Titled Tuesday Blitz"]
[Site "Chess.com"]
[Date "2020.08.11"]
[Round "5"]
[White "Kotofeyca"]
[Black "DariaVoit"]
[Result "0-1"]
[WhiteElo "2295"]
[BlackElo "2499"]
[TimeControl "180+1"]
[EndTime "10:55:12 PDT"]
[Termination "DariaVoit won on time"]

1. d4 d5 2. c4 c6 3. Nc3 Nf6 4. cxd5 cxd5 5. Bf4 e6 6. e3 Nc6 7. Nf3 Bb4 8. Bd3 O-O 9. O-O Bd7 10. Rc1 Rc8 11. a3 Be7 12. Ne5 Nxe5 13. Bxe5 Qb6 14. Rc2 Qb3 15. Qb1 Bxa3 16. bxa3 Rxc3 17. Rxc3 Qxc3 18.
Bxf6 gxf6 19. Bxh7+ Kg7 20. Rc1 Qxa3 21. g4 Rc8 22. Rxc8 Bxc8 23. Bc2 Qa5 24. Qd1 Qc3 25. Bb1 b5 26. Kg2 e5 27. dxe5 Qxe5 28. h3 Be6 29.
Qd3 b4 30. Qh7+ Kf8 31. Qh8+ Ke7 32. Qa8 Qc7 0-1

[Event "*** SCC Grand Prix: Titled Tuesday Blitz"]
[Site "Chess.com"]
[Date "2020.08.11"]
[Round "5"]
[White "zmeeed67"]
[Black "annamaja"]
[Result "0-1"]
[WhiteElo "2471"]
[BlackElo "2265"]
[TimeControl "180+1"]
[EndTime "10:55:12 PDT"]
[Termination "annamaja won by checkmate"]

1. d4 d5 2. c4 c6 3. Nc3 Nf6 4. e3 e6 5. Nf3 Bd6 6. Bd3 O-O 7. O-O Nbd7 8. e4 dxe4 9. Nxe4 Nxe4 10. Bxe4 Nf6 11. Bc2 c5 12. Bg5 cxd4 13. Qd3 g6 14. Qxd4 Be7 15. Qh4 Re8 16. Rad1 Nd7 17. Qh6 Bf8 18.
Qh4 Qa5 19. Rfe1 Bg7 20. Bd2 Qxa2 21. Ng5 Nf8 22. Bb4 h6 23. Ne4 Qxb2 24. Bxf8 Rxf8 25. Bb1 b6 26. Nf6+ Qxf6 27. Qe4 Ba6 28. Re3 Rad8 29.
Rde1 Qe7 30. h4 Bb7 31. Qg4 Rd4 32. Qe2 Rxh4 33. f3 Rd4 34. Bxg6 fxg6 35. Rxe6 Qc5 36. Re3 Rd7 37. Kh2 Bd4 38. Re6 Qh5+ 39. Kg3 Qg5+ 40.
Kh2 Qh4# 0-1

[Event "*** SCC Grand Prix: Titled Tuesday Blitz"]
[Site "Chess.com"]
[Date "2020.08.11"]
[Round "5"]
[White "GlennTipton"]
[Black "peixe64"]
[Result "1-0"]
[WhiteElo "2454"]
[BlackElo "2315"]
[TimeControl "180+1"]
[EndTime "10:55:12 PDT"]
[Termination "GlennTipton won by checkmate"]

1. d4 Nf6 2. Nf3 g6 3. Bf4 Bg7 4. e3 O-O 5. h3 d6 6. Be2 b6 7.
O-O Bb7 8. c4 Nbd7 9. Nc3 Qe8 10. Bh2 a6 11. b4 e5 12. Qb3 Qe7 13. c5 e4 14. cxd6 cxd6 15. Nd2 Rfd8 16. Rac1 Rac8 17. Bc4 b5 18. Nd5 Qe8 19. Nxf6+ Nxf6 20. Be2 Nd5 21. Rxc8 Rxc8 22. Bxd6 Rc3 23. Qb2 Rc6 24. Bc5 Qd7 25.
Nb3 f5 26. Na5 Re6 27. Nxb7 Qxb7 28. a4 f4 29. axb5 axb5 30. Qb3 Kh8 31. Bxb5 fxe3 32. fxe3 Rf6 33. Rxf6 Bxf6 34. Bc4 Nc7 35. b5 Qa8 36. Qa3 Qc8 37. b6 Ne8 38. Bd5 Qb8 39. Qa8 Qg3 40.
Qxe8+ Kg7 41. Qf8# 1-0

[Event "*** SCC Grand Prix: Titled Tuesday Blitz"]
[Site "Chess.com"]
[Date "2020.08.11"]
[Round "5"]
[White "zmarian"]
[Black "crossingthestreet"]
[Result "0-1"]
[WhiteElo "2196"]
[BlackElo "2404"]
[TimeControl "180+1"]
[EndTime "10:55:12 PDT"]
[Termination "crossingthestreet won on time"]

1. g3 d5 2. Bg2 Nf6 3. Nf3 e6 4. O-O Be7 5. d3 O-O 6. Nbd2 c5 7. c4 Nc6 8. a3 d4 9. b4 cxb4 10. Qc2 a5 11. axb4 Bxb4 12. Bb2 e5 13. Nb3 Nd7 14.
e3 Nc5 15. exd4 Nxb3 16. Qxb3 exd4 17. Qa2 Bf5 18. Rad1 Qd7 19. Qa1 Rad8 20. Ba3 Rfe8 21. Bxb4 axb4 22. Qb2 Ra8 23. Rfe1 h6 24. Rxe8+ Rxe8 25. Ra1 Bxd3 26. Rd1 Bxc4 27. h3 d3 28. Rd2 Re2 29. Bf1 Rxd2 30. Qxd2 Qd5 31. Ne1 Ne5 32. Bg2 Qd4 33. Qxb4 d2 34. Bxb7 d1=Q 35. Bg2 Nd3 36. Qb8+ Kh7 0-1

[Event "*** SCC Grand Prix: Titled Tuesday Blitz"]
[Site "Chess.com"]
[Date "2020.08.11"]
[Round "5"]
[White "Kate1606"]
[Black "KaspMagAlpha"]
[Result "1-0"]
[WhiteElo "1805"]
[BlackElo "2180"]
[TimeControl "180+1"]
[EndTime "10:55:12 PDT"]
[Termination "Kate1606 won by checkmate"]

1. d4 Nf6 2. c4 e6 3. Nc3 Bb4 4. e3 O-O 5. Bd3 b6 6. Ne2 Bb7 7. O-O d5 8. a3 Bd6 9. f3 dxc4 10.
Bxc4 e5 11. dxe5 Bxe5 12. e4 Qe7 13. Nd5 Qc5+ 14. Ne3 Nc6 15. Kh1 Rad8 16. Qc2 Nd4 17. Nxd4 Bxd4 18. Nf5 Be5 19. b4 Qxc4 20. Qxc4 Bxa1 21.
Bf4 Bb2 22. Qxc7 Ba6 23. Rg1 Bd4 24. Nxd4 Rxd4 25. Qxa7 Be2 26. Qxb6 Rd3 27. e5 Nh5 28. Bg5 Rxa3 29. b5 h6 30. Be7 Rb3 31. Bxf8 Kxf8 32.
Qd8# 1-0

[Event "*** SCC Grand Prix: Titled Tuesday Blitz"]
[Site "Chess.com"]
[Date "2020.08.11"]
[Round "5"]
[White "pedromartinez91"]
[Black "boasovietica"]
[Result "1-0"]
[WhiteElo "2566"]
[BlackElo "2398"]
[TimeControl "180+1"]
[EndTime "10:55:14 PDT"]
[Termination "pedromartinez91 won on time"]

1. d4 Nf6 2. c4 g6 3. Nf3 Bg7 4. Nc3 O-O 5. e4 d6 6. Be2 Bg4 7. Ng1 Bxe2 8. Ngxe2 Nfd7 9. Be3 c5 10. O-O Nc6 11. Rc1 cxd4 12. Nxd4 Rc8 13. b3 Nxd4 14. Bxd4 Bxd4 15. Qxd4 Qb6 16. Qxb6 Nxb6 17. Rfe1 Rc5 18.
f4 Rfc8 19. Rcd1 a6 20. e5 dxe5 21. Rxe5 Rxe5 22. fxe5 Kf8 23. Ne4 Ke8 24. Kf2 Nd7 25. e6 fxe6 26. Ng5 Nf8 27. Ke3 Rd8 28. Rxd8+ Kxd8 29. Ke4 Kd7 30. Ke5 h6 31. Nf7 h5 32. Ng5 a5 33. a3 Kc6 34. Nxe6 Nd7+ 35. Kd4 Kd6 36.
Ng5 e5+ 37. Kc3 Nf6 38. b4 axb4+ 39. axb4 b6 40. Kd3 h4 41. Ne4+ Nxe4 42. Kxe4 Ke6 43.
c5 bxc5 44. bxc5 h3 45. g3 g5 46. g4 1-0

[Event "*** SCC Grand Prix: Titled Tuesday Blitz"]
[Site "Chess.com"]
[Date "2020.08.11"]
[Round "5"]
[White "dopolian"]
[Black "Mikhal867"]
[Result "1-0"]
[WhiteElo "2530"]
[BlackElo "2365"]
[TimeControl "180+1"]
[EndTime "10:55:14 PDT"]
[Termination "dopolian won by resignation"]

1. Nf3 c5 2. c4 Nf6 3. Nc3 d5 4. cxd5 Nxd5 5. e3 Nc6 6. Bb5 Nc7 7. Bxc6+ bxc6 8. O-O Ba6 9. Re1 e6 10. Qa4 Bb5 11.
Nxb5 cxb5 12. Qg4 h5 13. Qe4 Qd5 14. Qxd5 Nxd5 15. d4 c4 16. Bd2 Nb4 17. Bxb4 Bxb4 18. Rec1 O-O 19. a4 a6 20. Ne5 f6 21. Nc6 Bd6 22. e4 f5 23. e5 Bc7 24. Kf1 Kf7 25. f4 Bb6 26. a5 Ba7 27. Rd1 Rfd8 28. Ke2 Rd5 29. Rac1 h4 30. Kf3 Ke8 31. Nb4 Rxd4 32. Nxa6 Rd3+ 33. Rxd3 cxd3 34. Nc7+ Kd7 35. Nxa8 d2 36.
Rd1 Kc6 37. Rxd2 Kb7 38. Nb6 1-0

[Event "*** SCC Grand Prix: Titled Tuesday Blitz"]
[Site "Chess.com"]
[Date "2020.08.11"]
[Round "5"]
[White "Khvicha_Supatashvili"]
[Black "bazar-wokzal"]
[Result "1-0"]
[WhiteElo "2718"]
[BlackElo "2468"]
[TimeControl "180+1"]
[EndTime "10:55:15 PDT"]
[Termination "Khvicha_Supatashvili won by resignation"]

1. d4 Nf6 2. Nf3 e6 3. c4 Nc6 4. a3 g6 5. Nc3 Bg7 6. d5 Ne7 7. e4 d6 8. Bd3 e5 9. h3 O-O 10. Be3 Nh5 11. O-O Nf4 12. Bc2 f5 13. Bxf4 exf4 14.
Re1 h6 15. e5 dxe5 16. Nxe5 a6 17. c5 g5 18. d6 cxd6 19. cxd6 Nc6 20. Qd5+ Kh7 21.
Nxc6 bxc6 22. Qxc6 Rb8 23. Re7 Rxb2 24. Na4 Rxc2 25.
Qxc2 Qxd6 26. Rae1 Qxa3 27. Nb6 f3 28. Nxc8 fxg2 29.
Kxg2 Kh8 30. Re8 Kh7 31. Rxf8 Qxf8 32. Ne7 Qa8+ 33. Kg1 1-0

[Event "*** SCC Grand Prix: Titled Tuesday Blitz"]
[Site "Chess.com"]
[Date "2020.08.11"]
[Round "5"]
[White "Grischuk"]
[Black "TheBigBoss04"]
[Result "1-0"]
[WhiteElo "3034"]
[BlackElo "2825"]
[TimeControl "180+1"]
[EndTime "10:55:16 PDT"]
[Termination "Grischuk won on time"]

1. Nf3 d5 2. d4 Nf6 3. c4 e6 4. Nc3 a6 5. cxd5 exd5 6. Bg5 Be6 7. e3 Nbd7 8. h3 Bd6 9. Bd3 c6 10. Bf4 Qc7 11. Qd2 h6 12. Rc1 g5 13. Bxd6 Qxd6 14. a3 a5 15. Qc2 O-O 16. Ne2 Rac8 17. O-O c5 18. dxc5 Nxc5 19. Nfd4 Nfe4 20. Qd1 Nxd3 21.
Qxd3 Qe5 22. Qb5 Nd2 23. Rfd1 Nc4 24. b3 Nxa3 25. Qxa5 Qd6 26. Ng3 Ra8 27. Qd2 Qe5 28.
Rc5 Rfc8 29. Rdc1 Rxc5 30. Rxc5 b6 31. Rc6 Nb1 32. Qc1 Na3 33. Rxb6 Rc8 34. Qxa3 h5 35. Nxh5 g4 36. hxg4 1-0

[Event "*** SCC Grand Prix: Titled Tuesday Blitz"]
[Site "Chess.com"]
[Date "2020.08.11"]
[Round "5"]
[White "m_ezat"]
[Black "DrVelja"]
[Result "1-0"]
[WhiteElo "2609"]
[BlackElo "2755"]
[TimeControl "180+1"]
[EndTime "10:55:16 PDT"]
[Termination "m_ezat won on time"]

1. d4 Nf6 2. c4 g6 3. Nc3 Bg7 4. e4 d6 5. Be2 O-O 6. Bg5 c5 7. d5 e6 8. Qd2 exd5 9. exd5 Re8 10. Nf3 Bg4 11. O-O Na6 12. h3 Bf5 13. Nh4 Bd7 14.
Rae1 h6 15. Bxh6 Ne4 16. Nxe4 Rxe4 17. Bxg7 Kxg7 18. Nf3 Qf6 19. Bd3 Rxe1 20. Rxe1 Bxh3 21. Qg5 Bd7 22. Re7 Rd8 23. Qe3 Nb4 24. Ng5 Re8 25. Ne6+ Kg8 26. Rxd7 fxe6 27. Qh6 1-0

[Event "*** SCC Grand Prix: Titled Tuesday Blitz"]
[Site "Chess.com"]
[Date "2020.08.11"]
[Round "5"]
[White "Alopekos"]
[Black "Klavdia_Nik"]
[Result "1-0"]
[WhiteElo "2283"]
[BlackElo "2051"]
[TimeControl "180+1"]
[EndTime "10:55:16 PDT"]
[Termination "Alopekos won on time"]

1. d4 Nf6 2. c4 c5 3. Nf3 b6 4. g3 Bb7 5. Bg2 g6 6. O-O Bg7 7. Nc3 O-O 8. h3 d6 9. Re1 Ne4 10. Nxe4 Bxe4 11. e3 cxd4 12. exd4 d5 13. cxd5 Bxd5 14.
Bg5 Nc6 15. Rc1 h6 16. Rxc6 hxg5 17. Rc3 e6 18. Qd2 Bf6 19. Ne5 Bxg2 20. Kxg2 Qd5+ 21.
Kg1 Rac8 22. Ng4 Be7 23. Re5 Qxa2 24. d5 Rxc3 25. Qxc3 Re8 26. dxe6 f6 27. Re1 Kg7 28. Qc6 1-0

[Event "*** SCC Grand Prix: Titled Tuesday Blitz"]
[Site "Chess.com"]
[Date "2020.08.11"]
[Round "5"]
[White "VladimirBelous"]
[Black "Zkid"]
[Result "1-0"]
[WhiteElo "2755"]
[BlackElo "2858"]
[TimeControl "180+1"]
[EndTime "10:55:17 PDT"]
[Termination "VladimirBelous won by checkmate"]

1. c4 e5 2. g3 Nc6 3. Bg2 g6 4. Nc3 Bg7 5. e3 f5 6. Nge2 Nf6 7. O-O O-O 8. d4 d6 9. d5 Ne7 10. e4 fxe4 11. Nxe4 Nxe4 12. Bxe4 Bh3 13. Bg2 Qd7 14. Nc3 Bxg2 15. Kxg2 Nf5 16. Qd3 Nd4 17. f3 Rf7 18.
Be3 Nf5 19. Ne4 Raf8 20. Ng5 Nxe3+ 21. Qxe3 Bh6 22. h4 Rf5 23. f4 exf4 24. Qe6+ Qxe6 25. Nxe6 f3+ 26. Kf2 R8f7 27. Rae1 Bd2 28. Rd1 Ba5 29. g4 Re5 30. Kg3 f2 31. Ng5 Re3+ 32. Kg2 Rf4 33. Ne6 Rxg4+ 34. Kxf2 Rh3 35. Ke2 Re4+ 36. Kf2 Rxc4 37. Kg2 Rhxh4 38. Rf8# 1-0

[Event "*** SCC Grand Prix: Titled Tuesday Blitz"]
[Site "Chess.com"]
[Date "2020.08.11"]
[Round "5"]
[White "econpower"]
[Black "Donskov_AN"]
[Result "0-1"]
[WhiteElo "2708"]
[BlackElo "2579"]
[TimeControl "180+1"]
[EndTime "10:55:18 PDT"]
[Termination "Donskov_AN won by resignation"]

1. d4 Nf6 2. Nf3 e6 3. Bf4 c5 4. e3 d5 5. Nbd2 Nc6 6. c3 Be7 7. Bd3 Nh5 8. Bg3 f5 9. Be5 Nf6 10. h3 c4 11. Bc2 b5 12. g4 Nxe5 13. Nxe5 g6 14. Nc6 Qc7 15. Nxe7 Qxe7 16. Nf3 b4 17. Ne5 Bd7 18. g5 Ne4 19. Bxe4 fxe4 20. h4 O-O 21. Ng4 Rab8 22. Nf6+ Rxf6 23. gxf6 Qxf6 24. cxb4 Rxb4 25.
Qd2 a5 26. O-O-O Qe7 27. Qc3 Kg7 28. Rdg1 h6 29. Rg3 Be8 30. f3 exf3 31. Rxf3 Rb7 32.
Rf4 Qb4 33. Rhf1 Qa4 34. Kb1 g5 35. hxg5 Bg6+ 36. Ka1 Rb3 37. Qc1 c3 38. gxh6+ Kh7 39. Rf7+ Bxf7 40. Rxf7+ Kg6 41. Qc2+ Kxf7 42. Qxb3 Qxb3 43.
axb3 c2 0-1

[Event "*** SCC Grand Prix: Titled Tuesday Blitz"]
[Site "Chess.com"]
[Date "2020.08.11"]
[Round "5"]
[White "coocloo"]
[Black "BjarkeSahl"]
[Result "1-0"]
[WhiteElo "2041"]
[BlackElo "2271"]
[TimeControl "180+1"]
[EndTime "10:55:18 PDT"]
[Termination "coocloo won by resignation"]

1. e4 e5 2. Nf3 Nf6 3. Nxe5 d6 4. Nf3 Nxe4 5. d3 Nf6 6. d4 d5 7.
Bd3 Be7 8. O-O O-O 9. Bf4 Nbd7 10. c3 Re8 11. Nbd2 Nf8 12. Qc2 Ne6 13. Bg3 g6 14. Rfe1 Ng7 15. Re2 Bf5 16. Rae1 Bxd3 17. Qxd3 Ne6 18. Nb3 c6 19. Nbd2 a5 20. h3 a4 21. a3 Qa5 22. Ng5 Nxg5 23. Rxe7 Rxe7 24. Rxe7 Nge4 25. Nxe4 dxe4 26. Qc4 Qd5 27. Qxd5 cxd5 28.
Rxb7 Nh5 29. Bd6 Ng7 30. Rb5 Rd8 31. Bb4 Ne6 32. Ra5 f5 33. Rxa4 f4 34. Kf1 e3 35.
fxe3 fxe3 36. Ke2 Re8 37. g3 Ng5 38. Ra5 Nf3 39. Kxf3 e2 40. c4 dxc4 1-0

[Event "*** SCC Grand Prix: Titled Tuesday Blitz"]
[Site "Chess.com"]
[Date "2020.08.11"]
[Round "5"]
[White "Zhani-Z"]
[Black "12teen"]
[Result "0-1"]
[WhiteElo "2459"]
[BlackElo "2685"]
[TimeControl "180+1"]
[EndTime "10:55:19 PDT"]
[Termination "12teen won on time"]

1. e4 b6 2. d4 e6 3. Bd3 Bb7 4. Nf3 Nf6 5. Qe2 d5 6. e5 Nfd7 7. O-O Be7 8. c3 c5 9. Be3 Nc6 10. a3 a6 11. Nbd2 b5 12. g3 Qc7 13. h4 g6 14. Ng5 h6 15. Nh3 Nb6 16. h5 g5 17. f4 gxf4 18. Rxf4 Rg8 19. Kh2 Nc4 20. Nxc4 dxc4 21. Be4 cxd4 22. cxd4 O-O-O 23. Rxf7 Nxd4 24. Bxd4 Rxd4 25. Bxb7+ Qxb7 26. Nf4 Rgd8 27. Qg4 Rd2+ 28. Kh3 Qd7 29. Qxe6 Qxe6+ 30. Nxe6 R8d7 31. Nf4 Bg5 32. e6 Re7 33. Re1 Kd8 34. Ng6 Re8 35. Ra7 Re7 36.
Nxe7 Bxe7 37. Rf1 Bc5 0-1

[Event "*** SCC Grand Prix: Titled Tuesday Blitz"]
[Site "Chess.com"]
[Date "2020.08.11"]
[Round "5"]
[White "a3aki"]
[Black "shnitez"]
[Result "1/2-1/2"]
[WhiteElo "2096"]
[BlackElo "2460"]
[TimeControl "180+1"]
[EndTime "10:55:19 PDT"]
[Termination "Game drawn by repetition"]

1. e4 c5 2. Nf3 e6 3. d4 cxd4 4. Nxd4 a6 5. Nc3 b5 6. h3 Bb7 7. a3 Nf6 8. Bd3 Qc7 9. O-O Bc5 10. Be3 d5 11. exd5 Nxd5 12. Nxd5 Bxd5 13. c3 O-O 14. Qh5 g6 15. Qh4 Nd7 16. Rad1 Rfe8 17. Nc2 Bb3 18.
Rd2 Bxc2 19. Bxc2 Bxe3 20. fxe3 Ne5 21. Rdf2 Ra7 22. Qd4 Rd8 23. Qf4 Qb8 24. Rd1 Rxd1+ 25. Bxd1 Rd7 26. Bc2 Qc7 27. Qe4 Nc4 28. b3 Nxa3 29.
Qa8+ Kg7 30. Qxa6 Qxc3 31. Qxa3 Qe1+ 32. Rf1 Qxe3+ 33. Kh1 Rd2 34. Qa1+ e5 35. Qc1 Qc3 36. Rxf7+ Kg8 37. Qf1 Qxc2 38. Rf8+ Kg7 39. Qf6+ Kh6 40. Qh4+ Kg7 41. Qe7+ Kh6 42. Qh4+ Kg7 43. Qf6+ Kh6 44.
Qh4+ 1/2-1/2